 Dungeon Crawl Stone Soup version 0.32-a0-999-gfa1cc04b1d (webtiles) character file.

Game seed: 8827290500013579058

2835 Cancer the Covert (level 9, -10/58 HPs)
             Began as an Octopode Shapeshifter on Apr 24, 2024.
             Was a Follower of Makhleb.
             Mangled by a yak (15 damage)
             ... on level 6 of the Dungeon.
             The game lasted 00:16:30 (5995 turns).

Cancer the Covert (Octopode Shapeshifter)           Turns: 5995, Time: 00:16:31

Health: -10/58     AC:  1    Str: 23    XL:     9   Next: 73%
Magic:  9/9        EV: 13    Int: 13    God:    Makhleb [*.....]
Gold:   409        SH:  5    Dex: 11    Spells: 8/8 levels left

rFire   . . .        u - +4 dagger (freeze)
rCold   . . .        (no shield)
rNeg    . . .        (helmet currently unavailable)
rPois   .            j - amulet of reflection
rElec   .            f - +6 ring of strength
rCorr   .            (no ring)
SInv    .            (no ring)
Will    .....        (no ring)
Stlth   +++++        (no ring)
HPRegen 0.29/turn    (no ring)
MPRegen 0.11/turn    (no ring)
                     (no ring)

%: reflection
@: beast-form
A: beast (slay +4), almost no armour, amphibious, 8 rings, camouflage 1,
gelatinous body 1, (nimble swimmer 1), tentacles
a: Begin Untransformation, Renounce Religion


You were on level 6 of the Dungeon.
You worshipped Makhleb.
Makhleb was aware of your devotion.
You were a hulking beast.
You visited 1 branch of the dungeon, and saw 6 of its levels.

You collected 409 gold pieces.

Inventory:

Hand Weapons
 r - the +1 falchion of Exquisite Death {antimagic, *Rage +Blink Str+3 Dex+3}
   (You found it on level 5 of the Dungeon)

   Str+3:     It affects your strength (+3).
   Dex+3:     It affects your dexterity (+3).
   +Blink:    It lets you blink.
   *Rage:     It berserks you when you make melee attacks (+20% chance).
 u - a +4 dagger of freezing (weapon)
Magical Staves
 w - a staff of conjuration
Jewellery
 f - a +6 ring of strength (left tentacle)
 j - an amulet of reflection (around mantle)
 v - a ring of resist corrosion
Talismans
 b - a beast talisman (active)
 c - a flux talisman
Scrolls
 e - 7 scrolls of identify {unknown}
 g - a scroll of blinking {unknown}
 i - 8 scrolls of immolation {unknown}
 l - a scroll of vulnerability {unknown}
 n - a scroll of brand weapon {unknown}
 p - a scroll of poison {unknown}
 q - 2 scrolls of summoning {unknown}
 s - 2 scrolls of enchant armour {unknown}
 t - a scroll of enchant weapon {unknown}
 x - a scroll of fog {unknown}
Potions
 a - 2 potions of lignification
 d - 3 potions of haste {unknown}
 h - 4 potions of curing {unknown}
 k - 3 potions of brilliance {unknown}
 m - 2 potions of heal wounds {unknown}
 o - 2 potions of mutation {unknown}


   Skills:
 - Level 4.0 Fighting
 - Level 4.0 Dodging
 - Level 10.0 Stealth
 + Level 7.4 Unarmed Combat
 - Level 7.0 Shapeshifting


You had 8 spell levels left.
You didn't know any spells.
Your spell library contained the following spells:

 Spells                   Type           Power      Damage    Failure   Level
 Freeze                   Ice            0%         1d3       30%         1
 Summon Small Mammal      Summ           0%         N/A       30%         1
 Ensorcelled Hibernation  Hex/Ice        0%         N/A       43%         2
 Call Canine Familiar     Summ           0%         N/A       67%         3
 Hailstorm                Conj/Ice       0%         3d5       67%         3
 Passwall                 Erth           0%         N/A       67%         3
 Summon Ice Beast         Ice/Summ       0%         N/A       67%         3
 Swiftness                Air            0%         N/A       67%         3
 Summon Blazeheart Golem  Fire/Summ      0%         N/A       97%         4
 Freezing Cloud           Conj/Ice/Air   0%         6-21      100%        5
 Permafrost Eruption      Ice/Erth       0%         2x4d1     100%        6
 Sculpt Simulacrum        Ice/Alch       0%         N/A       100%        6
 Polar Vortex             Ice            0%         N/A       100%        9


Dungeon Overview and Level Annotations

Branches:
Dungeon (6/15)
 Temple: D:4-7

Altars:
Cheibriados
Dithmenos
Makhleb
Nemelex Xobeh
Zin

Annotations:
D:5 exclusion: lemure, Pikel


Innate Abilities, Weirdness & Mutations

You are a hulking beast.
Your limbs bulge with bestial killing power. (Slay +4)
You cannot wear most types of armour.
You are amphibious.
You can wear up to eight rings at the same time.
Your skin changes colour to match your surroundings (Stealth+).
Your rubbery body absorbs attacks. (AC +1, EV +1)
((You are camouflaged when in or above water. (Stealth+)))
You have tentacles for arms and can constrict up to eight enemies at once.


Message History

The yak gores you!
You hit the yak. You freeze the yak.
The yak is moderately wounded.
The yak closely misses you.
You hit the yak. You freeze the yak.
The yak is moderately wounded.
You block the yak's attack.
You hit the yak. You freeze the yak.
The yak is heavily wounded.
The yak completely misses you.
You puncture the yak! You freeze the yak.
The yak is severely wounded.
The yak completely misses you.
You hit the yak. You freeze the yak.
The yak is almost dead.
The yak gores you!
You closely miss the yak.
The yak is almost dead.
The yak completely misses you.
You closely miss the yak.
The yak is almost dead.
The yak gores you but does no damage.
You hit the yak. You freeze the yak.
The yak is almost dead.
The yak barely misses you.
You puncture the yak! You freeze the yak.
You kill the yak!
Makhleb accepts your kill.
You barely miss the yak. The yak gores you!
You hit the yak. You freeze the yak. You squeeze the yak!
The yak is moderately wounded.
The yak gores you!
* * * LOW HITPOINT WARNING * * *
You puncture the yak! You freeze the yak.
The yak is severely wounded.
The yak misses you.
You hit the yak but do no damage.
The yak is severely wounded.
The yak gores you!
You die...

#.........######..[.......# #...
.........).##########.##### #...
###.#####.....# #.# #### #....#
#.....### #.# #....# #.###...##
#.# ##### ##....#
#).##....####.### #.... ##....#
##..............#####.... ......#
######.##....#....##....
##....##### #.hY[...####.##....
......#...# ####...............
#.....#.#[# #.##....#.##....
#.....#.#.## ##Y##.##>#.##....
...###.....######.....##....#....
.#.###.#.#.##..........###.......
##.....###.............# ####....
#...#...#...#..........# #####
..#.#.#...#.#..........#


You could see a yak.

Vanquished Creatures
  Prince Ribbit (D:5)
  Grinder (D:3)
  3 yaks
  2 water moccasins
  Duvessa (D:5)
  An ogre (D:5)
  Blork the orc (D:5)
  2 bullfrogs (D:6)
  6 scorpions
  9 wights (D:6)
  Dowan (D:5)
  A jelly (D:6)
  2 orc priests
  2 bombardier beetles
  6 hounds
  Crazy Yiuf (D:2)
  A sleepcap (D:5)
  An orc wizard (D:3)
  Robin (D:4)
  7 adders
  A shadow imp (D:5)
  2 dart slugs (D:2)
  2 ribbon worms
  13 orcs
  3 ball pythons
  7 giant cockroaches
  5 hobgoblins
  3 jackals (D:3)
  4 quokkas
  10 bats
  A frilled lizard (D:2)
  12 goblins
  3 kobolds
  3 rats
119 creatures vanquished.

Notes
Turn   | Place    | Note
-------+----------+-------------------------------------------
     0 | D:1      | Cancer the Octopode Shapeshifter began the quest for the
                  | Orb.
     0 | D:1      | Reached XP level 1. HP: 13/13 MP: 1/1
    10 | D:1      | Found a faded altar of an unknown god.
    29 | D:1      | Reached skill level 1 in Stealth
    39 | D:1      | Reached skill level 2 in Stealth
    41 | D:1      | Reached XP level 2. HP: 18/18 MP: 2/2
   142 | D:1      | Reached skill level 3 in Stealth
   358 | D:2      | Reached XP level 3. HP: 23/23 MP: 3/3
   427 | D:2      | Reached skill level 4 in Stealth
   544 | D:2      | Found a glowing silver altar of Zin.
   709 | D:2      | Found a runed translucent door.
   710 | D:2      | Noticed Crazy Yiuf
  1182 | D:3      | Got Usioj's Precepts of Hoarfrost
  1307 | D:3      | Noticed Grinder
  1330 | D:3      | Found a sparkling altar of Nemelex Xobeh.
  1432 | D:3      | Reached skill level 5 in Stealth
  1432 | D:3      | Reached XP level 4. HP: 22/28 MP: 4/4
  1530 | D:3      | Reached skill level 6 in Stealth
  1756 | D:4      | Noticed Robin
  1849 | D:4      | Found a snail-covered altar of Cheibriados.
  1922 | D:4      | Reached XP level 5. HP: 29/34 MP: 5/5
  2249 | D:4      | Killed Robin
  2435 | D:5      | Entered Level 5 of the Dungeon
  2660 | D:5      | Noticed Duvessa
  2660 | D:5      | Noticed Dowan
  2668 | D:4      | Reached XP level 6. HP: 11/43 MP: 6/6
  2672 | D:4      | HP: 2/43 [poisoned by an adder]
  2860 | D:5      | Noticed Blork the orc
  2973 | D:5      | Noticed a water moccasin
  3001 | D:5      | Identified the +1 falchion of Exquisite Death {antimagic,
                  | *Rage +Blink Str+3 Dex+3}
  3067 | D:5      | Noticed Pikel
  3249 | D:5      | Reached XP level 7. HP: 48/48 MP: 7/7
  3342 | D:5      | Reached skill level 7 in Stealth
  3542 | D:5      | Reached skill level 8 in Stealth
  3547 | D:5      | Killed Blork the orc
  3626 | D:5      | Found a shadowy altar of Dithmenos.
  3628 | D:5      | Found a burning altar of Makhleb.
  3632 | D:5      | Reached skill level 9 in Stealth
  3757 | D:5      | Became a worshipper of Makhleb the Destroyer
  3789 | D:5      | Noticed Prince Ribbit
  3803 | D:5      | Killed Prince Ribbit
  3804 | D:5      | Reached skill level 10 in Stealth
  3804 | D:5      | Reached XP level 8. HP: 42/54 MP: 8/8
  4047 | D:5      | Killed Duvessa
  4050 | D:5      | Killed Dowan
  4342 | D:3      | Killed Grinder
  4343 | D:3      | Reached skill level 5 in Shapeshifting
  4480 | D:2      | Killed Crazy Yiuf
  4708 | D:6      | Noticed a yak
  4708 | D:6      | Noticed a yak
  4708 | D:6      | Noticed a yak
  4709 | D:6      | Noticed a yak
  4929 | D:6      | Reached XP level 9. HP: 42/58 MP: 9/9
  5465 | D:6      | Reached skill level 5 in Unarmed Combat
  5509 | D:6      | Reached * piety under Makhleb
  5995 | D:6      | Mangled by a yak

Illustrated notes

Levels and vault maps discovered:
D:1:      spicycebolla_green_bress_n_ham, layout_rooms,
          hellmonk_ecumenical_altar_heavens_door
D:2:      layout_rooms, basic_altar, uniq_crazy_yiuf_cottage
D:3:      layout_loops_ring, lemuel_doored_altar, nicolae_the_louvre,
          uniq_grinder
D:4:      layout_cave_pools, nicolae_overflow_crystal_walls, uniq_robin
D:5:      old_forge, layout_cave_pods, jmf_multi_god_temple, uniq_blork_the_orc,
          uniq_prince_ribbit1, uniq_duvessa, uniq_pikel
D:6:      layout_rooms, nicolae_zig_zag_zippers

Skill      XL: |  1  2  3  4  5  6  7  8  9 |
---------------+----------------------------+-----
Stealth        | 2 3 5 6 10 | 10.0
Fighting       | 2 3 4 |  4.0
Dodging        | 4 |  4.0
Shapeshifting  | 6 7 |  7.0
Unarmed Combat | 7 |  7.4

Action                     |  1- 3 |  4- 6 |  7- 9 || total
---------------------------+-------+-------+-------++-------
  Melee: Unarmed           |    55 |    95 |   111 ||   261
         Constrict         |    13 |    24 |    42 ||    79
         Tentacles         |     5 |    18 |    41 ||    64
         Punch             |     1 |     5 |     4 ||    10
         Dagger            |       |       |    47 ||    47
   Stab: Sleeping          |    10 |     4 |     4 ||    18
 Armour: Skin              |    19 |    50 |    67 ||   136
  Dodge: Dodged            |    32 |    44 |    72 ||   148
  Block: Other             |     6 |    12 |    31 ||    49

Table legend: (Time is in decaauts)
 A = Elapsed time spent in this place.
 B = Non-inter-level travel time spent in this place.
 C = Inter-level travel time spent in this place.
 D = Time resting spent in this place.
 E = Time spent auto-exploring this place.
 F = Levels seen in this place.
 G = Mean time per level.
                   A        B        C        D        E       F      G
               +--------+--------+--------+--------+--------+-----+--------+
         Total |   5985 |   5318 |    667 |    523 |   3294 |   6 |  997.5 |
       Dungeon |   5985 |   5318 |    667 |    523 |   3294 |   6 |  997.5 |
               +--------+--------+--------+--------+--------+-----+--------+

Top non-repeatable levels by time:
     D:5: 1804 daAuts
     D:6: 1085 daAuts
     D:3: 970 daAuts
     D:4: 968 daAuts
     D:2: 869 daAuts
     D:1: 287 daAuts
